 Dungeon Crawl Stone Soup version 0.29-a0-676-ga64570c9d2 (webtiles) character file.

Game seed: 4346443214829881133

47 pokeman the Magician (level 3, -1/20 HPs)
             Began as a Deep Elf Hedge Wizard on June 24, 2022.
             Frozen to death by an endoplasm (5 damage)
             ... on level 2 of the Dungeon.
             The game lasted 00:02:55 (2066 turns).

pokeman the Magician (Deep Elf Hedge Wizard)        Turns: 2066, Time: 00:02:57

Health: -1/20      AC:  3    Str:  7    XL:     3   Next: 48%
Magic:  7/11       EV: 11    Int: 20    God:
Gold:   123        SH:  0    Dex: 14    Spells: 1/12 levels left

rFire   + . .      SeeInvis +   h - +2 spear (venom)
rCold   . . .      Faith    .   (no shield)
rNeg    . . .      Spirit   .   k - +0 leather armour
rPois   .          Reflect  .   c - +0 hat
rElec   .          Harm     .   (no cloak)
rCorr   .          Rampage  .   (no gloves)
Will    .....                   (no boots)
Stlth   ++........              (no amulet)
HPRegen 0.06/turn               a - ring of see invisible
MPRegen 0.12/turn               b - ring of protection from fire

@: very slightly contaminated
A: no striking features
a: no special abilities


You were on level 2 of the Dungeon.
You visited 1 branch of the dungeon, and saw 2 of its levels.

You collected 123 gold pieces.

Inventory:

Hand Weapons
 h - a +2 spear of venom (weapon)
Armour
 c - a +0 hat (worn)
 k - a +0 leather armour (worn)
Jewellery
 a - a ring of see invisible (left hand)
 b - a ring of protection from fire (right hand)
Scrolls
 g - a scroll of blinking {unknown}
 i - 3 scrolls of identify {unknown}
Potions
 d - a potion of magic
 e - 3 potions of curing {unknown}
 f - 2 potions of might {unknown}
 j - 2 potions of flight {unknown}


   Skills:
 + Level 0.9 Fighting
 - Level 1.0 Armour
 + Level 2.4 Dodging
 - Level 2.4 Stealth
 * Level 5.2 Spellcasting
 + Level 1.9 Conjurations
 - Level 1.1 Summonings
 - Level 1.1 Translocations


You had one spell level left.
You knew the following spells:

 Your Spells              Type           Power      Damage    Failure   Level
a - Magic Dart            Conj           52%        1d5       8%          1
b - Mephitic Cloud        Conj/Pois/Air  7%         N/A       36%         3
c - Call Imp              Summ           9%         N/A       16%         2
d - Blink                 Tloc           18%        N/A       16%         2
e - Conjure Flame         Conj/Fire      9%         6-21      32%         3

Your spell library contained the following spells:

 Spells                   Type           Power      Damage    Failure   Level
 Slow                     Hex            20%        N/A       17%         1


Dungeon Overview and Level Annotations

Branches:
Dungeon (2/15)

Altars:

Shops:
D:1 *

Annotations:
D:2 Sigmund


Message History

Press: ? - help, Shift-Dir - straight line, f - Sigmund
Aim: Sigmund, wielding a +0 scythe and wearing a +0 robe (asleep, 100% to hit)
The magic dart hits Sigmund.
Sigmund is lightly wounded.
Sigmund shouts!
Sigmund giggles. "Time to reap what you sow."
Casting: Magic Dart (safe; 8% risk of failure)
Confirm with . or Enter, or press ? or * to list all spells.
The spell is potentially lethal to miscast (32% risk of failure)!
Continue anyway?
The fire begins to smoulder!
An endoplasm comes into view.
Sigmund points at you and mumbles some strange words.
You are confused.
The endoplasm quivers.
The fire ignites!
Found a glowing inky potion.
You feel less confused.
Sigmund points at you and mumbles some strange words.
You are confused.
You bump into the rock wall.
Sigmund casts a spell at you. The puff of flame hits you. You resist.
Sigmund gestures wildly while chanting.
Sigmund flickers and vanishes for a moment.
The endoplasm hits you. The endoplasm barely misses you.
The endoplasm misses you.
Sigmund hits you from afar with a +0 scythe!
Ouch! That really hurt!
* * * LOW HITPOINT WARNING * * *
The endoplasm attacks as you move away! The endoplasm completely misses you.
You feel less confused.
Casting: Conjure Flame (potentially lethal; 32% risk of failure)
Confirm with . or Enter, or press ? or * to list all spells.
You miscast Blink.
You are very lightly contaminated with residual magic.
Nothing appears to happen.
The endoplasm freezes you.
You are frozen.
You die...

########## ..........
........#. .# #######.## .#
#.## # #.# #.##
.#.#########.###########.##
..!.....@J@..........†.....
#......###..###########.##
..######.###..# #####.#
........@.....# #.....#
....#..#.###..#######.#####
. #....#.# #..........#
....=#.#.# ##.######..#
#.$......# #.# #..<.# #...
!<#.. ..# #.####


You could see Sigmund (invisible) and an endoplasm.

Vanquished Creatures
  An adder (D:2)
  A dart slug (D:1)
  4 ball pythons
  5 endoplasms
  3 giant cockroaches (D:1)
  2 hobgoblins (D:1)
  3 jackals (D:2)
  4 kobolds
  3 quokkas
  2 bats (D:1)
  2 frilled lizards (D:2)
  A rat (D:2)
31 creatures vanquished.

Vanquished Creatures (others)
  2 plants (D:1)
2 creatures vanquished.

Grand Total: 33 creatures vanquished

Notes
Turn   | Place    | Note
-------+----------+-------------------------------------------
     0 | D:1      | pokeman the Deep Elf Hedge Wizard began the quest for the
                  | Orb.
     0 | D:1      | Reached XP level 1. HP: 10/10 MP: 7/7
   411 | D:1      | Reached XP level 2. HP: 16/16 MP: 3/9
   488 | D:1      | Found Viucwoimp's Assorted Antiques.
  1162 | D:1      | Reached skill level 5 in Spellcasting
  1458 | D:2      | Found a faded altar of an unknown god.
  1497 | D:2      | Reached XP level 3. HP: 14/20 MP: 11/11
  1501 | D:2      | Learned a level 3 spell: Mephitic Cloud
  1504 | D:2      | Learned a level 2 spell: Call Imp
  1507 | D:2      | Learned a level 2 spell: Blink
  1511 | D:2      | Learned a level 3 spell: Conjure Flame
  1782 | D:2      | Reached skill level 1 in Armour
  2049 | D:2      | Noticed Sigmund
  2066 | D:2      | Frozen to death by an endoplasm

Illustrated notes

Levels and vault maps discovered:
D:1:      dpeg_arrival_windows_large_door, layout_basic, serial_shops,
          nicolae_shop_overgrown_old_shop, hangedman_decor_slide_cut,
          serial_park_tiny_pond
D:2:      layout_basic, ebering_ecumenical_altar_box, minmay_heptomino_l4,
          uniq_sigmund

Skill      XL: |  1  2  3 |
---------------+----------+-----
Spellcasting   | 5 |  5.2
Armour         | 1 |  1.0
Fighting       | |  0.9
Dodging        | |  2.4
Stealth        | |  2.4
Conjurations   | |  1.9
Summonings     | |  1.1
Translocations | |  1.1

Action                   || total
-------------------------++-------
Melee: Spear             ||    11
 Cast: Magic Dart        ||    80
       Conjure Flame     ||     1
Armor: Robe              ||     4
Dodge: Dodged            ||    22

Table legend: (Time is in decaauts)
 A = Elapsed time spent in this place.
 B = Non-inter-level travel time spent in this place.
 C = Inter-level travel time spent in this place.
 D = Time resting spent in this place.
 E = Time spent auto-exploring this place.
 F = Levels seen in this place.
 G = Mean time per level.
                   A        B        C        D        E       F      G
               +--------+--------+--------+--------+--------+-----+--------+
         Total |   2065 |   2040 |     25 |      0 |   1832 |   2 | 1032.5 |
       Dungeon |   2065 |   2040 |     25 |      0 |   1832 |   2 | 1032.5 |
               +--------+--------+--------+--------+--------+-----+--------+

Top non-repeatable levels by time:
     D:1: 1455 daAuts
     D:2: 610 daAuts
